 Dungeon Crawl Stone Soup version 0.32-a0-712-g515539a (webtiles) character file.

Game seed: 11472830192478777831

1476 PidgeyThePirate the Skirmisher (level 8, -5/61 HPs)
             Began as a Coglin Hunter on Mar 15, 2024.
             Was an Initiate of Okawaru.
             Engulfed by a steam dragon's steam (14 damage)
             ... on level 5 of the Dungeon.
             The game lasted 00:07:33 (4361 turns).

PidgeyThePirate the Skirmisher (Coglin Hunter)      Turns: 4361, Time: 00:07:34

Health: -5/61      AC:  4    Str: 14    XL:     8   Next: 78%
Magic:  8/8        EV: 11    Int:  8    God:    Okawaru [......]
Gold:   314        SH:  0    Dex: 18    Spells: 7/7 levels left

rFire   . . .        a - +2 sling {Ramón}
rCold   . . .        d - +0 sling {Xochitl}
rNeg    . . .        c - +0 leather armour
rPois   .            (no helmet)
rElec   .            (no cloak)
rCorr   .            (no gloves)
SInv    .            l - +0 pair of boots
Will    .....        (amulet unavailable)
Stlth   ++           (ring unavailable)
HPRegen 0.30/turn    (ring unavailable)
MPRegen 0.11/turn    (no gizmo)

%: no passive effects
@: revving
A: off-hand wielding, slow wielding, warmup strikes, no jewellery
a: Invent Gizmo, Renounce Religion


You were on level 5 of the Dungeon.
You worshipped Okawaru.
Okawaru was noncommittal.
You visited 2 branches of the dungeon, and saw 6 of its levels.

You collected 314 gold pieces.

Inventory:

Hand Weapons
 a - a +2 sling (weapon) {Ramón}
 d - a +0 sling (offhand) {Xochitl}
Armour
 c - a +0 leather armour (worn)
 l - a +0 pair of boots (worn)
Scrolls
 b - a scroll of butterflies
 e - a scroll of immolation {unknown}
 h - a scroll of fear
 i - 2 scrolls of teleportation
 j - 2 scrolls of noise
 k - a scroll of silence {unknown}
 n - a scroll of blinking {unknown}
 o - a scroll of enchant armour {unknown}
 q - 3 scrolls of poison {unknown}
 r - a scroll of acquirement {unknown}
 s - a scroll of fog {unknown}
Potions
 f - a potion of ambrosia {unknown}
 g - a potion of resistance {unknown}
 m - a potion of curing {unknown}
 p - a potion of brilliance {unknown}


   Skills:
 + Level 4.3 Fighting
 + Level 9.2 Ranged Weapons
 + Level 2.2 Armour
 + Level 2.2 Dodging
 + Level 1.2 Stealth


You had 7 spell levels left.
You didn't know any spells.
Your spell library contained the following spells:

 Spells                   Type           Power      Damage    Failure   Level
 Stone Arrow              Conj/Erth      0%         3d7       85%         3
 Iskenderun's Battlesphe  Conj           0%         2d6       100%        5
 Bombard                  Conj/Erth      0%         9d1       100%        6
 Lehudib's Crystal Spear  Conj/Erth      0%         10d2      100%        8
 Animate Armour           Summ/Erth      Unusable   N/A       N/A         4
 Spellforged Servitor     Conj/Summ      Unusable   N/A       N/A         7

Dungeon Overview and Level Annotations

Branches:
Dungeon (5/15)             Temple (1/1) D:4

Altars:
Ashenzari
Cheibriados
Dithmenos
Elyvilon
Gozag
Hepliaklqana
Kikubaaqudgha
Nemelex Xobeh
Okawaru
Qazlal
Ru
Sif Muna
Trog
Uskayaw
Xom
Yredelemnul
The Shining One

Shops:
D:1 (   D:2 :

Annotations:
Temple 4 transporters


Innate Abilities, Weirdness & Mutations

You can wield a second weapon in your off-hand.
It takes a long time for you to wield or remove held weapons.
Your first few attacks do less damage.
You cannot equip rings or amulets.


Message History

You shoot a sling bullet.
The sling bullet closely misses the steam dragon.
The sling bullet hits the steam dragon but does no damage.
You shoot a sling bullet. The sling bullet hits the steam dragon.
The steam dragon is moderately wounded.
The steam dragon breathes steam at you.
The ball of steam hits the steam dragon!
The steam dragon resists.
The ball of steam hits you!!
You are engulfed in a cloud of scalding steam.
The fungus is engulfed in a cloud of scalding steam.
The fungus begins to die.
The fungus is engulfed in a cloud of scalding steam.
The fungus begins to die.
The fungus is engulfed in a cloud of scalding steam.
You shoot a sling bullet.
The sling bullet closely misses the steam dragon.
You shoot a sling bullet.
The sling bullet barely misses the steam dragon.
The fungus is engulfed in a cloud of scalding steam.
The fungus begins to die.
The fungus is engulfed in a cloud of scalding steam.
The fungus begins to die.
You shoot a sling bullet.
The sling bullet hits the steam dragon but does no damage.
The steam dragon is severely wounded.
You shoot a sling bullet.
The sling bullet hits the steam dragon but does no damage.
The steam dragon is severely wounded.
A nearby fungus withers and dies.
The fungus is engulfed in a cloud of scalding steam. x2
The steam dragon breathes steam at you. The ball of steam hits you!!
* * * LOW HITPOINT WARNING * * *
You are too injured to fight recklessly!
You are engulfed in a cloud of scalding steam.
* * * LOW HITPOINT WARNING * * *
As you read the scroll of fear, it crumbles to dust.
You assume a fearsome visage.
The steam dragon looks frightened! x2
You are engulfed in a cloud of scalding steam.
You die...

.......# #.##~~~.~P######.#####.#
.......###.###≈P..~#............#
....#.......# #≈..##.#.#..#######
#.#.........# #.D~##.#.#..#######
#.#.##......# #P.~##.#.#.........
#.#.##......# #P..#..............
#......###### #^.~#..#.#..##.###.
..#.##.# #§D.#....#..##.#...
..#.##.# #.@##..............
..#.##.# #~§##..#.#.........
..#'##.# ##~§##..#...........
.......# #.§.##..#.##.##.#...
.......# #P§~##..#.##.##.#...
.......# #..~#...............
.......# #^.P##..#..#........
##.....# #~.P^#............<.
##.....# #~.~P##.#..#.####...


You could see 2 steam dragons.

Vanquished Creatures
  Grinder (D:3)
  A black bear (D:4)
  An ice beast (D:5)
  3 ogres (D:5)
  2 phantoms (D:4)
  3 scorpions
  2 orc priests (D:5)
  A bombardier beetle (D:5)
  5 hounds
  2 jellies (D:5)
  A sleepcap (D:4)
  An iguana (D:4)
  An orc wizard (D:5)
  7 adders
  2 gnolls (D:4)
  4 dart slugs
  4 orcs
  3 endoplasms
  4 giant cockroaches
  7 goblins
  7 hobgoblins
  6 jackals
  3 quokkas
  5 ball pythons
  8 bats
  3 frilled lizards
  8 kobolds
  5 rats
100 creatures vanquished.

Notes
Turn   | Place    | Note
-------+----------+-------------------------------------------
     0 | D:1      | PidgeyThePirate the Coglin Hunter began the quest for the
                  | Orb.
     0 | D:1      | Reached XP level 1. HP: 16/16 MP: 1/1
   203 | D:1      | Reached skill level 4 in Ranged Weapons
   203 | D:1      | Reached XP level 2. HP: 22/22 MP: 2/2
   241 | D:1      | Found Nekyklyfin's Antique Weapon Emporium.
   752 | D:2      | Reached XP level 3. HP: 27/27 MP: 3/3
   858 | D:2      | Reached XP level 4. HP: 25/33 MP: 4/4
  1059 | D:2      | Found Jeunyruj's Book Shop.
  1081 | D:2      | Reached skill level 5 in Ranged Weapons
  1442 | D:3      | Found a faded altar of an unknown god.
  1907 | D:3      | Noticed Grinder
  1917 | D:3      | Paralysed by Grinder for 4 turns
  1922 | D:3      | Killed Grinder
  1923 | D:3      | Reached skill level 6 in Ranged Weapons
  1923 | D:3      | Reached skill level 1 in Armour
  1923 | D:3      | Reached skill level 1 in Stealth
  1923 | D:3      | Reached XP level 5. HP: 19/41 MP: 5/5
  1923 | D:3      | Reached XP level 6. HP: 22/47 MP: 6/6
  2324 | D:4      | Found an ancient bone altar of Kikubaaqudgha.
  2427 | D:4      | Reached XP level 7. HP: 31/52 MP: 7/7
  2513 | D:4      | Found a broken altar of Ashenzari.
  2697 | D:4      | Reached skill level 7 in Ranged Weapons
  2902 | D:4      | Found a staircase to the Ecumenical Temple.
  2922 | Temple   | Found a transporter.
  2922 | Temple   | Found a transporter.
  2922 | Temple   | Found a transporter.
  2922 | Temple   | Found a transporter.
  2922 | Temple   | Entered the Ecumenical Temple
  3384 | D:5      | Entered Level 5 of the Dungeon
  3575 | D:5      | Reached XP level 8. HP: 31/60 MP: 8/8
  3685 | D:5      | Reached skill level 8 in Ranged Weapons
  3833 | D:5      | Found an opulent altar of Gozag.
  3833 | D:5      | Found an iron altar of Okawaru.
  3837 | D:5      | Found a shimmering altar of Xom.
  3841 | D:5      | Found a shimmering blue altar of Sif Muna.
  3841 | D:5      | Found a glowing golden altar of the Shining One.
  3841 | D:5      | Found a snail-covered altar of Cheibriados.
  3843 | D:5      | Found a basalt altar of Yredelemnul.
  3843 | D:5      | Found a broken altar of Ashenzari.
  3843 | D:5      | Found a sparkling altar of Nemelex Xobeh.
  3957 | D:5      | Became a worshipper of Warmaster Okawaru
  4059 | D:5      | Reached skill level 9 in Ranged Weapons
  4361 | D:5      | Engulfed by a steam dragon's steam

Illustrated notes

Levels and vault maps discovered:
D:1:      saegor_arrival_simple_e, layout_loops_ring, serial_shops, shop
D:2:      layout_basic, serial_shops, nicolae_book_shop_shelving, serial_rivers,
          chequers_serial_rivers_micro_c, chequers_serial_rivers_large_b,
          chequers_serial_rivers_micro_a, chequers_serial_rivers_room_b,
          chequers_serial_rivers_micro_c
D:3:      layout_basic, nicolae_ecumenical_pavilion, uniq_grinder
D:4:      layout_basic, kiku_gazebo_garden_becter, minmay_temple_entry_mist,
          minmay_ruined_shrine
D:5:      kennysheep_steamy, layout_basic, nicolae_overflows_in_rows,
          hex_intersection
Temple:   hellmonk_temple_divided_pantheon

Skill      XL: |  1  2  3  4  5  6  7  8 |
---------------+-------------------------+-----
Ranged Weapons | 4 6 7 9 |  9.2
Fighting       | 3 4 |  4.3
Armour         | 1 2 |  2.2
Stealth        | 1 |  1.2
Dodging        | 2 |  2.2

Action                     |  1- 3 |  4- 6 |  7- 9 || total
---------------------------+-------+-------+-------++-------
   Fire: Sling             |   124 |   202 |   250 ||   576
    Use: Scroll            |       |       |     4 ||     4
 Armour: Leather armour    |     5 |    34 |    28 ||    67
  Dodge: Dodged            |    10 |    23 |    26 ||    59

Table legend: (Time is in decaauts)
 A = Elapsed time spent in this place.
 B = Non-inter-level travel time spent in this place.
 C = Inter-level travel time spent in this place.
 D = Time resting spent in this place.
 E = Time spent auto-exploring this place.
 F = Levels seen in this place.
 G = Mean time per level.
                   A        B        C        D        E       F      G
               +--------+--------+--------+--------+--------+-----+--------+
         Total |   4428 |   4199 |    229 |      0 |   3638 |   6 |  738.0 |
       Dungeon |   4409 |   4180 |    229 |      0 |   3638 |   5 |  881.8 |
        Temple |     19 |     19 |      0 |      0 |      0 |   1 |   19.0 |
               +--------+--------+--------+--------+--------+-----+--------+

Top non-repeatable levels by time:
     D:4: 1071 daAuts
     D:5: 978 daAuts
     D:3: 873 daAuts
     D:1: 747 daAuts
     D:2: 738 daAuts
  Temple: 19 daAuts
